 Dungeon Crawl Stone Soup version 0.30.0-5-g1a98f26d00 (webtiles) character file.

Game seed: 12575835635274328425

51 SnakkuSnakku7 the Grasshopper (level 3, -3/32 HPs)
             Began as an Armataur Warper on May 8, 2023.
             Slain by a gnoll
             ... wielding a +0 club
              (5 damage)
             ... on level 3 of the Dungeon.
             The game lasted 00:01:32 (1081 turns).

SnakkuSnakku7 the Grasshopper (Armataur Warper)     Turns: 1081, Time: 00:01:32

Health: -3/32      AC:  5    Str: 14 (18) XL:     3   Next: 58%
Magic:  5/5        EV:  9    Int: 11 (13) God:
Gold:   68         SH:  0    Dex:  5 (9)  Spells: 5/5 levels left

rFire   + . .        a - +0 hand axe (flame)
rCold   + . .        (no shield)
rNeg    + . .        b - +0 leather armour
rPois   +            g - +0 helmet
rElec   +            (no cloak)
rCorr   +            (no gloves)
SInv    .            (no barding)
Will    .....        (no amulet)
Stlth   +            p - ring of positive energy
HPRegen 0.25/turn    (no ring)
MPRegen 0.09/turn

%: roll
@: resistant
A: large, rugged brown scales 3, deformed body, armoured tail, roll, long
tongue, awkward tongue
a: no special abilities


You were on level 3 of the Dungeon.
You visited 1 branch of the dungeon, and saw 3 of its levels.

You collected 68 gold pieces.

Inventory:

Hand Weapons
 a - a +0 hand axe of flaming (weapon)
Missiles
 d - 7 boomerangs of dispersal (quivered)
Armour
 b - a +0 leather armour (worn)
 g - a +0 helmet (worn)
Jewellery
 p - a ring of positive energy (left hand)
Scrolls
 c - 2 scrolls of blinking
 e - 5 scrolls of identify {unknown}
 f - a scroll of acquirement {unknown}
 i - a scroll of enchant weapon {unknown}
 j - a scroll of poison {unknown}
 k - 3 scrolls of teleportation {unknown}
 l - a scroll of fog {unknown}
 n - a scroll of vulnerability {unknown}
 o - 2 scrolls of noise {unknown}
Potions
 m - a potion of cancellation
 q - a potion of curing {unknown}
 s - a potion of heal wounds {unknown}


   Skills:
 + Level 2.8 Fighting
 + Level 2.5 Axes
 - Level 0.8 Throwing
 - Level 1.2 Armour
 - Level 1.3 Dodging
 - Level 1.7 Spellcasting
 - Level 3.0 Translocations


You had 5 spell levels left.
You didn't know any spells.
Your spell library contained the following spells:

 Spells                   Type           Power      Damage    Failure   Level
 Blink                    Tloc           14%        N/A       16%         2
 Lesser Beckoning         Tloc           14%        N/A       16%         2
 Teleport Other           Tloc           7%         N/A       32%         3
 Vhi's Electric Charge    Tloc/Air       8%         N/A       52%         3
 Manifold Assault         Tloc           7%         N/A       71%         4
 Malign Gateway           Summ/Tloc      2%         N/A       100%        7
 Summon Horrible Things   Summ           0%         N/A       100%        8


Dungeon Overview and Level Annotations

Branches:
Dungeon (3/15)

Altars:


Innate Abilities, Weirdness & Mutations

You are completely covered in rugged brown scales. (AC +3, +7% HP)
Armour fits poorly on your strangely shaped body.
You have a long armoured tail.
You roll when moving toward enemies. (Rampage)
Your long tongue fully drains potion bottles. (2x potion effects)
Your tongue gives you trouble enunciating. (1.5x scroll delay)


Message History

You hit the gnoll. You burn the gnoll.
The gnoll is severely wounded.
You hit the gnoll. You burn the gnoll. You hit the gnoll. You burn the gnoll.
The gnoll hits you with a +0 club. The gnoll hits you with a +0 whip.
The gnoll closely misses you.
Unknown command.
You hit the gnoll. You burn the gnoll.
The gnoll is almost dead.
You completely miss the gnoll. You barely miss the gnoll.
The gnoll barely misses you. The gnoll hits you with a +0 whip.
The gnoll closely misses you.
Unknown command.
You are too injured to fight recklessly!
Unknown command.
You are too injured to fight recklessly!
The gnoll attacks as you move away! The gnoll barely misses you.
The gnoll attacks as you move away! The gnoll hits you with a +0 whip.
There is a stone staircase leading down here.
The gnoll attacks as you move away! The gnoll hits you with a +0 whip.
* * * LOW HITPOINT WARNING * * *
The gnoll attacks as you move away! The gnoll closely misses you.
You closely miss the gnoll.
The gnoll is almost dead.
The gnoll hits you with a +0 club.
* * * LOW HITPOINT WARNING * * *
It was a potion of cancellation.
You feel magically purged.
You slurp down every last drop of the potion of cancellation!
The gnoll hits you with a +0 club.
* * * LOW HITPOINT WARNING * * *
It was a potion of resistance.
You feel protected.
You slurp down every last drop of the potion of resistance!
The gnoll hits you with a +0 club.
* * * LOW HITPOINT WARNING * * *
It was a potion of degeneration.
There was something very wrong with that liquid.
You feel weakened.
You feel dopey.
You feel clumsy.
You slurp down every last drop of the potion of degeneration!
The gnoll hits you with a +0 club.
You die...

.# #.##.#.#
.### ##.##.#.#
#..##
###.....#.#
....#
#...#.###.#
###.####.###.#
#.# #
#........#.#
#.#
######.#.#.#
#.# ......#
#.# .#..####
#@# ....## #g#
. ## #.# #g###
#.# #g..# #.#
#.$.# #...#
#....# #....#
.....#


You could see 3 gnolls.

Vanquished Creatures
  2 worms
  2 dart slugs
  3 orcs (D:2)
  2 endoplasms
  3 giant cockroaches
  3 goblins
  A hobgoblin (D:1)
  3 jackals (D:1)
  5 kobolds
  A quokka (D:1)
  5 ball pythons
  2 bats (D:1)
  2 rats (D:1)
34 creatures vanquished.

Notes
Turn   | Place    | Note
-------+----------+-------------------------------------------
     0 | D:1      | SnakkuSnakku7 the Armataur Warper began the quest for the
                  | Orb.
     0 | D:1      | Reached XP level 1. HP: 18/18 MP: 3/3
   144 | D:1      | Reached XP level 2. HP: 25/25 MP: 4/4
   579 | D:2      | Reached XP level 3. HP: 32/32 MP: 5/5
  1081 | D:3      | Slain by a gnoll

Illustrated notes

Levels and vault maps discovered:
D:1:      nicolae_arrival_washed_ashore, layout_basic
D:2:      layout_loops_cross
D:3:      layout_rooms, shapermc_ecumenical_altar_rom_forum,
          kennysheep_another_room

Skill      XL: |  1 |
---------------+----+-----
Fighting       | 2 |  2.8
Axes           | 2 |  2.5
Throwing       | |  0.8
Armour         | |  1.2
Dodging        | |  1.3
Spellcasting   | |  1.7
Translocations | |  3.0

Action                     || total
---------------------------++-------
  Melee: Hand axe          ||    88
         Tailslap          ||     9
    Use: Potion            ||     3
 Armour: Leather armour    ||    29
  Dodge: Dodged            ||    46
